 Dungeon Crawl Stone Soup version 0.30-a0-946-gec5dcfc036 (webtiles) character file.

Game seed: 4840761821735474801

67 sanka the Trooper (level 4, -2/40 HPs)
             Began as a Minotaur Fighter on Mar 26, 2023.
             Slain by a steam dragon (3 damage)
             ... on level 3 of the Dungeon.
             The game lasted 00:03:42 (1907 turns).

sanka the Trooper (Minotaur Fighter)                Turns: 1907, Time: 00:03:42

Health: -2/40      AC:  6    Str: 22    XL:     4   Next: 0%
Magic:  0/3        EV:  9    Int:  5    God:
Gold:   52         SH:  4    Dex: 10    Spells: 3/3 levels left

rFire   . . .      SeeInvis .    a - +0 war axe
rCold   . . .      Faith    .    c - +0 buckler
rNeg    . . .      Spirit   +    b - +0 scale mail
rPois   .          Reflect  .    (helmet restricted)
rElec   .          Rampage  .    (no cloak)
rCorr   .                        (no gloves)
Will    .....                    (no boots) Stlth
                                 h - amulet of guardian spirit
HPRegen 0.26/turn                (no ring)
MPRegen 0.08/turn                (no ring)

@: no status effects
A: horns 2, retaliatory headbutt
a: no special abilities


You were on level 3 of the Dungeon.
You visited 1 branch of the dungeon, and saw 3 of its levels.

You collected 52 gold pieces.


Innate Abilities, Weirdness & Mutations

You have a pair of horns on your head.
You reflexively headbutt those who attack you in melee.


   Skills:
 + Level 4.3 Fighting
 * Level 4.1 Axes
 - Level 3.6 Armour
 + Level 4.3 Shields


You had 3 spell levels left.
You didn't know any spells.
Your spell library contained the following spells:

 Spells                   Type           Power      Damage    Failure   Level
 Freeze                   Ice            0%         1d3       87%         1
 Frozen Ramparts          Ice            0%         1d1       99%         3
 Hailstorm                Conj/Ice       0%         3d3       99%         3

Inventory:

Hand Weapons
 a - a +0 war axe (weapon)
 q - a +0 sling
 r - a +2 dagger of distortion
Armour
 b - a +0 scale mail (worn)
 c - a +0 buckler (worn)
Jewellery
 h - an amulet of guardian spirit (around neck)
Scrolls
 f - 3 scrolls of teleportation {unknown}
 g - 2 scrolls of identify {unknown}
 i - a scroll of immolation {unknown}
 o - a scroll of magic mapping {unknown}
 p - a scroll of noise {unknown}
 s - 2 scrolls of poison {unknown}
Potions
 d - a potion of might
 e - a potion of degeneration {unknown}
 j - 2 potions of lignification {unknown}
 k - 3 potions of curing {unknown}
 l - 2 potions of cancellation {unknown}
 m - a potion of magic {unknown}
 n - 2 potions of brilliance {unknown}

Dungeon Overview and Level Annotations

Branches:
Dungeon (3/15)

Altars:
Cheibriados
Makhleb
Trog

Shops:
D:2 [

Annotations:
D:2 1 runed translucent door, Crazy Yiuf
D:3 Grinder

▒......(....▒............
▒...........▒...........£
▒▒▒.....D...▒)...........
▒▒▒▒▒▒▒▒▒▒▒...▒▒▒............
..............+.....>........
▒.▒▒▒▒▒D......▒▒▒...........▒
........▒▒▒...▒▒▒.....▒▒▒▒▒▒▒
........▒ ▒▒▒▒▒▒D.........
........▒ ▒Hg........
........▒ ▒▒▒▒▒▒#..........
........▒ ▒....###.........
.......▒▒ ▒......#........_
....†..▒ ▒▒.........▒▒▒▒▒.
..†).<.▒ ▒...†......▒
.....†.▒▒▒..........▒
)......'...▒......▒▒▒
.......▒▒▒▒▒▒▒▒▒▒▒▒


You could see a steam dragon (catching breath) and a goblin.


Message History

You block the steam dragon's attack. You block the goblin's attack.
The goblin hits you but does no damage. You block the steam dragon's attack.
The steam dragon claws you but does no damage.
You slash the steam dragon!
The steam dragon is almost dead.
You closely miss the goblin. The steam dragon breathes steam at you.
The ball of steam misses you. The goblin hits you but does no damage.
You hear an angry hiss.
Unknown command.
You completely miss the steam dragon.
You headbutt the steam dragon, but do no damage.
The steam dragon is severely wounded.
You closely miss the goblin.
You are engulfed in a cloud of scalding steam.
You choke on the stench!
You are confused.
* * * LOW HITPOINT WARNING * * *
The steam dragon barely misses you. The steam dragon claws you.
* * * LOW HITPOINT WARNING * * *
The goblin hits you but does no damage.
Unknown command.
You bump into the rock wall.
You feel less confused. The steam dragon bites you.
You die...

Action                     |  1- 3 |  4- 6 || total
---------------------------+-------+-------++-------
  Melee: War axe           |    93 |     6 ||    99
         Headbutt          |     9 |     1 ||    10
 Armour: Scale mail        |    51 |     6 ||    57
  Dodge: Dodged            |    43 |     3 ||    46
  Block: Buckler           |    29 |     3 ||    32

Levels and vault maps discovered:
D:1:      minmay_arrival_jagged, layout_loops_ring
D:2:      layout_loops_ring, serial_shops, nicolae_shop_overgrown_old_shop,
          uniq_crazy_yiuf_cottage
D:3:      minmay_razor_zed, layout_basic, kennysheep_slug_shrine,
          bloody_makhleb, bloody_trog, amcnicky_altar_gilded, uniq_natasha,
          uniq_grinder

Notes
Turn   | Place    | Note
-------+----------+-------------------------------------------
     0 | D:1      | sanka the Minotaur Fighter began the quest for the Orb.
     0 | D:1      | Reached XP level 1. HP: 19/19 MP: 0/0
   177 | D:1      | Reached XP level 2. HP: 27/27 MP: 1/1
   236 | D:1      | Reached skill level 3 in Axes
   388 | D:1      | Reached skill level 4 in Shields
   506 | D:1      | Reached skill level 4 in Fighting
   870 | D:2      | Reached XP level 3. HP: 33/33 MP: 2/2
  1080 | D:2      | Found Luprysar's Antique Armour Shop.
  1391 | D:2      | Found a runed translucent door.
  1392 | D:2      | Noticed Crazy Yiuf
  1671 | D:3      | Noticed Grinder
  1679 | D:3      | Paralysed by Grinder for 3 turns
  1707 | D:3      | Found a snail-covered altar of Cheibriados.
  1709 | D:3      | Reached skill level 4 in Axes
  1742 | D:3      | Found a bloodstained altar of Trog.
  1745 | D:3      | Noticed a steam dragon
  1876 | D:3      | Reached XP level 4. HP: 40/40 MP: 3/3
  1895 | D:3      | Found a burning altar of Makhleb.
  1903 | D:3      | HP: 3/40 [steam dragon (8)]
  1906 | D:3      | HP: 1/40 [steam dragon (1)]
  1907 | D:3      | Slain by a steam dragon

Vanquished Creatures
  An adder (D:2)
  2 dart slugs
  An orc (D:3)
  An endoplasm (D:1)
  A giant cockroach (D:1)
  6 goblins
  5 hobgoblins
  12 jackals
  4 ball pythons
  5 bats
  A frilled lizard (D:2)
  3 kobolds
  4 rats
46 creatures vanquished.

Vanquished Creatures (others)
  An endoplasm (D:3)
  A hobgoblin (D:3)
  A jackal (D:3)
  A plant (D:2)
4 creatures vanquished.

Grand Total: 50 creatures vanquished
